Map: Thunderbird LE

Players

Neeb - Winner!

  • Race: Protoss Protoss
  • Spawn Location: 5:00

ButAlways

  • Race: Protoss Protoss
  • Spawn Location: 11:00

VOD

Have the link to the VOD?

Description

Time

  • Played on: Sept. 6, 2019, 8:39 p.m.
  • Length: 5:25
Show
View Real Time Build Order
Export as new Build Order

Neeb Protoss - Winner!

Build Orders:  

Get SALT Encoding   

  12  0:00  Probe  
  13  0:12  Probe  
  14  0:17  Pylon  
  14  0:24  Probe  
  15  0:32  Probe  
  15  0:38  Gateway  
  15  0:40  Probe  
  16  0:45  Assimilator  
  17  0:51  Probe  
  17  0:53  Assimilator  
  18  0:59  Probe  
  19  1:07  Probe  
  19  1:08  Gateway  
  19  1:17  Probe  
  20  1:25  Cybernetics Core  
  21  1:29  Probe  
  22  1:34  Pylon  
  22  1:41  Probe  
  23  1:53  Probe  
  24  1:56  Warp Gate  
  24  2:02  Sentry, Stalker  
  24  2:06  Probe  
  29  2:13  Pylon  
  29  2:27  Probe  
  30  2:37  Stalker  
  30  2:38  Sentry  
  34  2:47  Nexus  
  33  2:56  Robotics Facility  
  34  3:07  Stalker  
  34  3:10  Stalker  
  37  3:15  Shield Battery  
  37  3:18  Shield Battery  
  37  3:20  Pylon  
  37  3:22  Gateway  
  37  3:35  Immortal  
  41  3:54  Stalker x2  
  43  3:58  Pylon  
  43  4:04  Warp Prism  
  45  4:20  Adept  
  45  4:22  Sentry  
  49  4:27  Adept  
  49  4:54  Stalker x3  
  54  5:12  Pylon  
  54  5:14  Pylon  
Show
View Real Time Build Order
Export as new Build Order

ButAlways Protoss 

Build Orders:  

Get SALT Encoding   

  12  0:00  Probe  
  13  0:12  Probe  
  14  0:17  Pylon  
  14  0:25  Probe  
  15  0:33  Probe  
  15  0:35  Gateway  
  15  0:41  Probe  
  16  0:48  Assimilator  
  17  0:51  Probe  
  17  0:55  Assimilator  
  18  0:59  Probe  
  19  1:07  Probe  
  19  1:10  Gateway  
  19  1:17  Probe  
  20  1:25  Cybernetics Core  
  21  1:29  Probe  
  22  1:35  Pylon  
  22  1:42  Probe  
  23  1:51  Warp Gate  
  23  2:01  Stalker x2  
  27  2:12  Robotics Facility  
  27  2:31  Stalker x2  
  27  2:35  Pylon  
  31  2:49  Warp Prism  
  30  3:04  Gateway  
  32  3:09  Shield Battery  
  32  3:18  Probe  
  32  3:19  Pylon  
  33  3:26  Observer  
  34  3:39  Stalker x2  
  38  3:47  Immortal  
  42  3:56  Observer  
  42  3:58  Sentry  
  44  4:07  Pylon  
  44  4:16  Stalker  
  46  4:17  Observer  
  46  4:25  Immortal  
  50  4:43  Adept x2  
  54  4:49  Pylon  
Tags
 
Add a new tag
Caveats
  • Supply blocks, unpowered buildings, or Contaminate may cause inaccurate times.
  • Supply counts are checked every 10 seconds.